[Event "*** Titled Tuesday Blitz"]
[Site "Chess.com"]
[Date "2020.05.26"]
[Round "3"]
[White "farzadbfd"]
[Black "Zq1"]
[Result "1-0"]
[WhiteElo "2749"]
[BlackElo "2505"]
[TimeControl "180+1"]
[EndTime "10:26:59 PDT"]
[Termination "farzadbfd won by resignation"]

1. e4 c5 2. Nc3 g6 3. g3 Bg7 4. Bg2 Nc6 5. d3 d6 6. Be3 b5 7. Qd2 b4 8. Nd1 a5 9. Ne2 Ba6 10. O-O Rc8 11. a3 Nf6 12. axb4 cxb4 13. Bh6 Bxh6 14.
Qxh6 b3 15. c4 Nb4 16. Qd2 O-O 17. Ne3 Nd7 18. Nd5 Nxd5 19. exd5 Nc5 20. Rxa5 Bb7 21.
Rfa1 Qb6 22. d4 Nd7 23. Rb5 Qc7 24. Ra7 Qxc4 25. Rbxb7 Nf6 26. Nc3 Ra8 27. h3 Rxa7 28. Rxa7 Rc8 29. Rxe7 Ra8 30. Kh2 Ra1 31. Qf4 Kg7 32.
Qxd6 Qxd4 33. Qe6 Qxf2 34. Qxf7+ Kh6 35. Qg7+ 1-0

[Event "*** Titled Tuesday Blitz"]
[Site "Chess.com"]
[Date "2020.05.26"]
[Round "3"]
[White "AttilaTurzo"]
[Black "warmoatmeal"]
[Result "1/2-1/2"]
[WhiteElo "2467"]
[BlackElo "2156"]
[TimeControl "180+1"]
[EndTime "10:26:59 PDT"]
[Termination "Game drawn by repetition"]

1. e4 c6 2. d4 d5 3. Nc3 dxe4 4. Nxe4 Nf6 5. Nxf6+ exf6 6. c3 Bd6 7. Bd3 O-O 8. Ne2 Nd7 9. O-O g6 10. Bf4 Bxf4 11.
Nxf4 Re8 12. Qd2 Nf8 13. Rfe1 Ne6 14. Nxe6 Bxe6 15. Re2 Bg4 16. Rxe8+ Qxe8 17. Re1 Qd7 18. Qe3 Kf8 19. Bc4 Re8 20. Qxe8+ Qxe8 21. Rxe8+ Kxe8 22. f4 Be6 23. Bb3 Kd7 24. Kf2 Kd6 25. Ke3 f5 26. g3 b5 27. Kd3 a5 28. c4 a4 29. c5+ Ke7 30. Bxe6 Kxe6 31. b3 axb3 32. axb3 Kd5 33. Ke3 f6 34. Kd3 g5 35. Ke3 h5 36. h4 g4 37. Kd3 Ke6 38. Kc3 Kd5 39.
Kd3 Ke6 40. d5+ Kxd5 41. b4 Ke6 42. Kd4 Kd7 43. Ke3 Ke7 44. Kd3 Kf7 45. Ke3 Ke7 46. Kd3 Ke6 47. Kd4 Kd7 48. Ke3 Ke7 1/2-1/2

[Event "*** Titled Tuesday Blitz"]
[Site "Chess.com"]
[Date "2020.05.26"]
[Round "3"]
[White "dianosky"]
[Black "Perecke"]
[Result "1-0"]
[WhiteElo "2420"]
[BlackElo "2194"]
[TimeControl "180+1"]
[EndTime "10:27:00 PDT"]
[Termination "dianosky won by resignation"]

1. d4 d5 2. c4 e6 3. Nc3 Nf6 4. Nf3 Be7 5. Bg5 h6 6. Bh4 O-O 7. e3 Nbd7 8. c5 Ne4 9. Bxe7 Qxe7 10. Rc1 c6 11. Nxe4 dxe4 12. Nd2 f5 13. Bc4 Kh8 14. b4 e5 15. d5 cxd5 16. Bxd5 Nf6 17. Bc4 a5 18. a3 axb4 19. axb4 f4 20. O-O Bg4 21. Qc2 f3 22. g3 Bf5 23. Nxf3 exf3 24. Qxf5 e4 25. Rfd1 Rad8 26. Qe6 Qc7 27. Bb3 Rde8 28.
Qd6 Qc8 29. Bc4 Qh3 30. Bf1 Qh5 31. h3 Re5 32. Qxf8+ 1-0

[Event "*** Titled Tuesday Blitz"]
[Site "Chess.com"]
[Date "2020.05.26"]
[Round "3"]
[White "allvim"]
[Black "RU_B9"]
[Result "1-0"]
[WhiteElo "2250"]
[BlackElo "1842"]
[TimeControl "180+1"]
[EndTime "10:27:00 PDT"]
[Termination "allvim won on time"]

1. e4 c5 2. Nf3 Nc6 3. d4 cxd4 4. Nxd4 Nf6 5. Nc3 e5 6. Ndb5 d6 7. Be3 a6 8. Na3 b5 9. Nd5 Nxd5 10. exd5 Nb8 11. c4 b4 12. Nc2 a5 13. Be2 Be7 14. O-O O-O 15. f4 exf4 16. Bxf4 Bg5 17. Bg3 Na6 18.
Nd4 Be3+ 19. Kh1 Bxd4 20. Qxd4 Nc5 21. Rae1 Ba6 22. b3 Qc7 23. Bd1 Rae8 24. Bc2 Rxe1 25.
Rxe1 Qd7 26. Qh4 g6 27. Re7 Qd8 28. h3 Re8 29. Rxe8+ Qxe8 30. Bxd6 Ne4 31. Bxe4 Qxe4 32. Qd8+ Kg7 33. Bf8+ 1-0

[Event "*** Titled Tuesday Blitz"]
[Site "Chess.com"]
[Date "2020.05.26"]
[Round "3"]
[White "chiwii"]
[Black "djano"]
[Result "0-1"]
[WhiteElo "2212"]
[BlackElo "2446"]
[TimeControl "180+1"]
[EndTime "10:27:01 PDT"]
[Termination "djano won by resignation"]

1. e4 g6 2. d4 Bg7 3. Nf3 d6 4. c3 Nf6 5. Bd3 O-O 6. O-O Bg4 7. h3 Bxf3 8. Qxf3 Nc6 9. Nd2 e5 10. Nb3 a5 11. a4 Re8 12. Bg5 h6 13. Bh4 g5 14.
Bg3 d5 15. exd5 e4 16. Qd1 Nxd5 17. Bc4 Nb6 18. Bb5 f5 19. Nc5 f4 20. Nxb7 Qf6 21.
Bh2 Kh8 22. d5 Ne5 23. Bxe8 Rxe8 24. d6 Nd3 25. dxc7 Qc6 26. Nxa5 Qxc7 27. Qh5 Ra8 28. b4 Nd5 29. h4 Nf6 30. Qg6 Qd7 31. hxg5 Ne5 32.
gxf6 Nxg6 33. fxg7+ Qxg7 34. g3 Ne5 35. Kh1 f3 36.
Rfd1 Qg4 37. Rd5 Qh3 38. Rg1 Ng4 0-1

[Event "*** Titled Tuesday Blitz"]
[Site "Chess.com"]
[Date "2020.05.26"]
[Round "3"]
[White "Goryachkina"]
[Black "El_ultimo_Pablo"]
[Result "1-0"]
[WhiteElo "2622"]
[BlackElo "2403"]
[TimeControl "180+1"]
[EndTime "10:27:02 PDT"]
[Termination "Goryachkina won by resignation"]

1. d4 Nf6 2. c4 g6 3. Nc3 Bg7 4. e4 d6 5. Be2 O-O 6. Be3 e5 7. d5 a5 8. g4 Nfd7 9. h4 f5 10.
gxf5 gxf5 11. Bg5 Bf6 12. Qd2 f4 13. Nf3 Kh8 14. O-O-O Na6 15. Bxf6+ Qxf6 16. Rdg1 Nac5 17.
h5 a4 18. Nh4 Nb6 19. Ng6+ hxg6 20. hxg6+ Kg8 21. g7 Qxg7 22. Rxg7+ Kxg7 23. Qe1 Rg8 24. Qg1+ Kf8 25. Qh2 Bd7 26. Qh6+ Ke8 27. Qf6 Nd3+ 28. Bxd3 Bg4 29. Rh7 1-0

[Event "*** Titled Tuesday Blitz"]
[Site "Chess.com"]
[Date "2020.05.26"]
[Round "3"]
[White "AlexZambrano"]
[Black "robertofabregas"]
[Result "0-1"]
[WhiteElo "2282"]
[BlackElo "2112"]
[TimeControl "180+1"]
[EndTime "10:27:05 PDT"]
[Termination "robertofabregas won by resignation"]

1. Nf3 Nf6 2. g3 d5 3. Bg2 c6 4. d4 Bf5 5. O-O Nbd7 6. c4 e6 7.
Nc3 Be7 8. Nh4 Bg6 9. Nxg6 hxg6 10. e4 dxe4 11. Nxe4 Nxe4 12. Bxe4 Nf6 13. Bg2 Qc7 14. Bf4 Bd6 15. Bxd6 Qxd6 16. d5 cxd5 17. cxd5 Nxd5 18. Qa4+ Ke7 19. Rfd1 Rh5 20. Qb3 Qb6 21. Rxd5 Qxb3 22. axb3 exd5 23. Ra5 b6 24. Rb5 Rd8 0-1

[Event "*** Titled Tuesday Blitz"]
[Site "Chess.com"]
[Date "2020.05.26"]
[Round "3"]
[White "LiamVrolijk"]
[Black "Tlerus"]
[Result "1-0"]
[WhiteElo "2792"]
[BlackElo "2586"]
[TimeControl "180+1"]
[EndTime "10:27:06 PDT"]
[Termination "LiamVrolijk won on time"]

1. d4 Nf6 2. c4 e5 3. dxe5 Ne4 4. g3 Bb4+ 5. Nd2 Nc6 6. Bg2 Nxd2 7. Bxd2 Bxd2+ 8.
Qxd2 Nxe5 9. Rc1 O-O 10. Nh3 d6 11. Nf4 Bd7 12. O-O Bc6 13. Nd5 Re8 14. f4 Nd7 15. e4 Nc5 16. Rfe1 a5 17. b3 Bxd5 18. cxd5 b6 19. Qc3 Qd7 20. a3 Qb5 21. b4 axb4 22. axb4 Nd3 23. Bf1 Qxb4 24. Bxd3 Qc5+ 25. Qxc5 bxc5 26.
Ra1 Rab8 27. Reb1 Rb4 28. Rxb4 cxb4 29. Rb1 Rb8 30. Rb3 Kf8 31. Kf2 Ke7 32. Ke3 Kd7 33.
Kd4 c5+ 34. dxc6+ Kxc6 35. Kc4 f5 36. Rxb4 Ra8 37. exf5 d5+ 38. Kd4 Ra3 39. Rb2 Ra4+ 40. Ke5 Ra3 41. Rc2+ Kd7 42. Bb5+ Kd8 43. Kxd5 h5 44.
Kd6 Ra8 45. Re2 Kc8 46. Re8+ Kb7 47. Bc6+ Kb6 48. Rxa8 1-0

[Event "*** Titled Tuesday Blitz"]
[Site "Chess.com"]
[Date "2020.05.26"]
[Round "3"]
[White "Artem_Koval"]
[Black "SamuelGhimpu2003"]
[Result "1-0"]
[WhiteElo "2412"]
[BlackElo "2582"]
[TimeControl "180+1"]
[EndTime "10:27:06 PDT"]
[Termination "Artem_Koval won by resignation"]

1. e4 e6 2. d4 d5 3. e5 c5 4. Qg4 cxd4 5. Nf3 Nc6 6. Bd3 Nge7 7. O-O Ng6 8. Qg3 Be7 9. Re1 Bd7 10. c3 dxc3 11.
Nxc3 a6 12. a3 Rc8 13. Bd2 O-O 14. Rad1 Qe8 15. h4 f5 16. h5 Nh8 17. Bh6 Qf7 18. Nxd5 exd5 19. e6 Bxe6 20. Rxe6 Bf6 21. Bxf5 Rce8 22.
Rde1 Nd4 23. Nxd4 Bxd4 24. Bxg7 Bxg7 25. h6 Ng6 26. hxg7 Kxg7 27. Bxg6 hxg6 28. Qe5+ 1-0

[Event "*** Titled Tuesday Blitz"]
[Site "Chess.com"]
[Date "2020.05.26"]
[Round "3"]
[White "Giraffe_Chess"]
[Black "PavelShkapenko"]
[Result "0-1"]
[WhiteElo "2414"]
[BlackElo "2681"]
[TimeControl "180+1"]
[EndTime "10:27:07 PDT"]
[Termination "PavelShkapenko won by resignation"]

1. d4 Nf6 2. c4 e6 3. Nf3 Bb4+ 4. Nbd2 d5 5. g3 O-O 6. Bg2 b6 7. O-O Nbd7 8. Qc2 Bb7 9. Rd1 Be7 10. b3 c5 11. Bb2 Rc8 12. Rac1 dxc4 13. Nxc4 b5 14.
Nce5 cxd4 15. Qd2 Nxe5 16. Nxe5 Rxc1 17. Rxc1 Bxg2 18. Kxg2 Qd5+ 19. Nf3 e5 20. e3 Ne4 21. Qd1 d3 22. Kg1 Bf6 23. Rc7 a5 24. Ne1 Ng5 25. Qxd3 Nh3+ 26. Kf1 Qh1+ 27. Ke2 e4 28. Qc2 Bxb2 29.
Qxb2 Qxh2 30. Kd1 Nxf2+ 31. Kc1 Qxg3 32. Kb1 Qxc7 0-1

[Event "*** Titled Tuesday Blitz"]
[Site "Chess.com"]
[Date "2020.05.26"]
[Round "3"]
[White "Mbneu"]
[Black "plumalka"]
[Result "1-0"]
[WhiteElo "2214"]
[BlackElo "2416"]
[TimeControl "180+1"]
[EndTime "10:27:07 PDT"]
[Termination "Mbneu won by resignation"]

1. d4 Nf6 2. c4 c5 3. d5 b5 4.
a4 bxc4 5. Nc3 d6 6. e4 g6 7. Bxc4 Bg7 8. f4 O-O 9. Nf3 Ba6 10. Bb5 Bxb5 11. axb5 Nbd7 12. O-O a6 13. bxa6 Qb6 14.
Qe2 Rfb8 15. e5 dxe5 16. fxe5 Ng4 17. e6 fxe6 18. Ng5 c4+ 19. Kh1 Rf8 20. Bf4 exd5 21.
Qxg4 Nc5 22. Nxd5 Qxb2 23. Nxe7+ Kh8 24. Nxg6+ Kg8 25. Ne7+ Kh8 26. Ng6+ Kg8 27. Qh5 h6 28. Ne7+ Kh8 29. Qg6 hxg5 30. Qh5+ 1-0

[Event "*** Titled Tuesday Blitz"]
[Site "Chess.com"]
[Date "2020.05.26"]
[Round "3"]
[White "ViktoriyaTarasova"]
[Black "lrestevez"]
[Result "1-0"]
[WhiteElo "2272"]
[BlackElo "1969"]
[TimeControl "180+1"]
[EndTime "10:27:07 PDT"]
[Termination "ViktoriyaTarasova won on time"]

1. d4 Nf6 2. c4 e5 3. dxe5 Ng4 4. e3 Nxe5 5. f4 Nec6 6. Nc3 Bc5 7. Bd3 d6 8. Ne4 Bb4+ 9. Bd2 Bxd2+ 10. Qxd2 Nd7 11. O-O-O Qe7 12. Nf3 Nc5 13. Nxc5 dxc5 14. h3 Be6 15. f5 Bd7 16. e4 O-O-O 17. Qc3 f6 18. Bc2 Rhe8 19.
Rhe1 Ne5 20. Nxe5 Qxe5 21. Qxe5 Rxe5 22. Rd5 Rde8 23. Rxe5 Rxe5 24. Kd2 b6 25. g4 Bc6 26. Ke3 Kd7 27. Rg1 Ke7 28. h4 Kf7 29. g5 Re8 30.
Kf4 Rd8 31. Rg2 Rd4 32. b3 a5 33. gxf6 gxf6 34. h5 a4 35. h6 1-0

[Event "*** Titled Tuesday Blitz"]
[Site "Chess.com"]
[Date "2020.05.26"]
[Round "3"]
[White "Gurvich_Vitaly"]
[Black "Zarikovs1999"]
[Result "1-0"]
[WhiteElo "2546"]
[BlackElo "2344"]
[TimeControl "180+1"]
[EndTime "10:27:08 PDT"]
[Termination "Gurvich_Vitaly won by checkmate"]

1. e4 c5 2. Nf3 Nf6 3. e5 Nd5 4.
Nc3 e6 5. Nxd5 exd5 6. d4 Nc6 7. dxc5 Bxc5 8. Qxd5 Qb6 9. Bc4 Bxf2+ 10. Ke2 O-O 11.
Rf1 Bc5 12. c3 Ne7 13. Qe4 d5 14. exd6 Qxd6 15. Ng5 Bf5 16. Rxf5 Nxf5 17. Qxf5 Rae8+ 18. Kf3 Qd1+ 19. Kg3 Qe1+ 20. Kh3 g6 21. Qxc5 Re5 22. Qd4 Rf5 23. Qh4 Qe2 24. Qxh7# 1-0

[Event "*** Titled Tuesday Blitz"]
[Site "Chess.com"]
[Date "2020.05.26"]
[Round "3"]
[White "Nikolaj_6"]
[Black "VALPARAISO37"]
[Result "1/2-1/2"]
[WhiteElo "2531"]
[BlackElo "2345"]
[TimeControl "180+1"]
[EndTime "10:27:08 PDT"]
[Termination "Game drawn - insufficient material"]

1. e4 e5 2. Nf3 Nc6 3. Bb5 a6 4. Ba4 Nf6 5. Qe2 b5 6. Bb3 Bc5 7. a4 Rb8 8. axb5 axb5 9. O-O d6 10. d3 Bg4 11. Be3 Nd4 12. Bxd4 Bxd4 13. c3 Bb6 14.
Nbd2 O-O 15. h3 Bd7 16. Ne1 g6 17. Kh2 Nh5 18. g3 Qg5 19. Ndf3 Qf6 20. Qd2 Kg7 21. Qg5 h6 22. Qxf6+ Kxf6 23. Nc2 Ra8 24. Kg2 Kg7 25. Nb4 c6 26. Bc2 f5 27. exf5 gxf5 28. Nh4 f4 29. g4 Nf6 30. d4 e4 31. d5 c5 32. Nc6 Rfe8 33. Rfd1 c4 34. Nd4 Bxd4 35. Rxa8 Rxa8 36. Rxd4 Re8 37. b3 Re5 38. bxc4 bxc4 39. f3 Rxd5 40.
fxe4 Rxd4 41. cxd4 d5 42. e5 Ne4 43. Kf3 h5 44.
Kxf4 hxg4 45. hxg4 Nd2 46. Nf5+ Kf7 47. Ne3 Be6 48. g5 Nb3 49. Bxb3 cxb3 50. Nd1 Kg6 51.
Nb2 Kh5 52. Na4 Kg6 53. Ke3 Kxg5 54. Kd2 Kf4 55. Kc3 Ke3 56. Nc5 b2 57. Kxb2 Kxd4 58. Nxe6+ Kxe5 59. Nc7 Ke4 60. Nxd5 1/2-1/2

[Event "*** Titled Tuesday Blitz"]
[Site "Chess.com"]
[Date "2020.05.26"]
[Round "3"]
[White "Luibov_AN"]
[Black "ArnieChipmunk"]
[Result "1-0"]
[WhiteElo "2048"]
[BlackElo "2275"]
[TimeControl "180+1"]
[EndTime "10:27:09 PDT"]
[Termination "Luibov_AN won by resignation"]

1. d4 d5 2. Nf3 e6 3. c4 c5 4. e3 Nc6 5. Nc3 cxd4 6. exd4 g6 7. Be2 Bg7 8. Be3 Nge7 9. cxd5 exd5 10. Bg5 O-O 11. O-O Qb6 12. Qd2 Be6 13. Na4 Qc7 14. Rac1 Nf5 15. Rfd1 Rac8 16. Bf1 Nd6 17. Nc5 Bg4 18.
Be2 Bxf3 19. Bxf3 Nxd4 20. Bxd5 b6 21. Nb3 Nxb3 22. Bxb3 Ne4 23. Rxc7 Nxd2 24. Rxc8 Rxc8 25. Bxd2 Bxb2 26. Be3 Ba3 27. g3 Kf8 28. Rd7 Be7 29. Rxa7 b5 30. Rb7 b4 31. h4 Rd8 32. Kg2 h5 33.
Bg5 Bxg5 34. Rxf7+ Ke8 35. hxg5 Rd3 36. Rf6 Ke7 37.
Rxg6 1-0

[Event "*** Titled Tuesday Blitz"]
[Site "Chess.com"]
[Date "2020.05.26"]
[Round "3"]
[White "Everyfishknows"]
[Black "TargetA"]
[Result "0-1"]
[WhiteElo "2339"]
[BlackElo "2545"]
[TimeControl "180+1"]
[EndTime "10:27:10 PDT"]
[Termination "TargetA won on time"]

1. d4 Nf6 2. c4 g6 3. Nc3 Bg7 4. e4 d6 5. Nf3 O-O 6. Be2 e5 7.
O-O Nc6 8. Be3 Ng4 9. Bg5 f6 10.
Bc1 Nh6 11. dxe5 dxe5 12. Qd5+ Nf7 13. Be3 Re8 14. Qxd8 Rxd8 15. Nd5 Rd7 16. Nd2 Nfd8 17. b4 Nd4 18. Bg4 Rf7 19. Bxc8 Rxc8 20. Nb3 N8e6 21. Rfd1 c6 22. Nc3 Nc2 23. Rac1 Nxb4 24. Nc5 Nxc5 25.
Bxc5 Bf8 26. Bxa7 Ra8 27. Be3 Nxa2 28. g3 Nxc1 29. Rxc1 Rd7 30. Rb1 Ra3 31. Ne2 Ra4 32. c5 Rc4 0-1

[Event "*** Titled Tuesday Blitz"]
[Site "Chess.com"]
[Date "2020.05.26"]
[Round "3"]
[White "freshfoodcompany"]
[Black "Slovak_fighter2000"]
[Result "0-1"]
[WhiteElo "2217"]
[BlackElo "2487"]
[TimeControl "180+1"]
[EndTime "10:27:10 PDT"]
[Termination "Slovak_fighter2000 won by resignation"]

1. d4 e5 2. dxe5 Nc6 3. Nf3 Qe7 4. Bf4 Qb4+ 5. Bd2 Qxb2 6. Nc3 Bb4 7. Rb1 Qxc3 8. Bxc3 Bxc3+ 9. Nd2 Nxe5 10. e3 Nf6 11.
Rb3 Ba5 12. Be2 Ne4 13. c3 Nxc3 14. Qc2 Nxe2 15. Kxe2 O-O 16. Rb5 Nc6 17. Nc4 Bb6 18. Nxb6 axb6 19. Rd1 d6 20. f3 Be6 21. Rb2 Ra5 22.
Kf2 Rfa8 23. Ra1 Ne5 24. Qc3 Rc5 25. Qd4 Rd5 26. Qc3 Nd3+ 27. Kg1 Nxb2 28. Qxb2 Rc5 29. a3 h6 30. Rc1 Bc4 31. Qb4 b5 32. Ra1 Ra4 33.
Qd2 Rc6 34. h3 b4 35. Qb2 Rca6 36. Rc1 bxa3 37. Qxb7 a2 38. Kh2 a1=Q 39. Rxa1 Rxa1 40. Qxc7 Be6 41. Qd8+ Kh7 42. e4 R1a2 43. Qe7 Rd2 44. Kg3 Raa2 45. Kf4 Rxg2 46. Qxd6 Bxh3 47. Qe7 Be6 48. Qh4 g5+ 0-1

[Event "*** Titled Tuesday Blitz"]
[Site "Chess.com"]
[Date "2020.05.26"]
[Round "3"]
[White "nurmiTV"]
[Black "Gareth-Bale11"]
[Result "0-1"]
[WhiteElo "2511"]
[BlackElo "2759"]
[TimeControl "180+1"]
[EndTime "10:27:11 PDT"]
[Termination "Gareth-Bale11 won on time"]

1. c4 e5 2. Nc3 Nf6 3. g3 d5 4. cxd5 Nxd5 5. Bg2 Nb6 6. Nf3 Nc6 7. O-O Be7 8. a3 a5 9. d3 Be6 10. b3 O-O 11. Bb2 Qd7 12. Rc1 Rfd8 13. Nd2 Rab8 14. Nce4 f6 15. Nc5 Bxc5 16. Rxc5 Nd5 17. Ne4 b6 18. Rc1 Nd4 19. e3 Nxb3 20. Qxb3 Nxe3 21. Qc3 Nxf1 22. Bxf1 c5 23. Qe1 Qf7 24. Qe3 Rbc8 25.
f4 exf4 26. Qxf4 Rc6 27. Re1 c4 28. dxc4 Bxc4 29. Bh3 Be6 30. Bg2 Bd5 31. Rd1 Rc2 32. Ba1 Rxg2+ 0-1

[Event "*** Titled Tuesday Blitz"]
[Site "Chess.com"]
[Date "2020.05.26"]
[Round "3"]
[White "Nor1lsk"]
[Black "Art10ECHR"]
[Result "1-0"]
[WhiteElo "2588"]
[BlackElo "2381"]
[TimeControl "180+1"]
[EndTime "10:27:13 PDT"]
[Termination "Nor1lsk won by resignation"]

1. e4 c5 2. d3 Nc6 3. g3 g6 4. Bg2 Bg7 5. f4 d6 6. Nf3 Nf6 7. O-O O-O 8. Nc3 Rb8 9. h3 Bd7 10. g4 b5 11. g5 Nh5 12. f5 Nd4 13. Nd5 Bc6 14. Ne3 Ng3 15. Rf2 gxf5 16. Nxd4 Bxd4 17. exf5 Bxg2 18. Kxg2 e6 19. Kxg3 Qxg5+ 20. Qg4 Qxg4+ 21. hxg4 exf5 22. Rxf5 Rbe8 23. Kf3 Re6 24. c3 Bg7 25.
Bd2 Rfe8 26. Rf1 a5 27. Rf2 b4 28. Nd5 Re5 29. Bf4 R5e6 30. Nc7 bxc3 31. bxc3 Bxc3 32.
Nxe8 1-0

[Event "*** Titled Tuesday Blitz"]
[Site "Chess.com"]
[Date "2020.05.26"]
[Round "3"]
[White "S_Kalvaitis"]
[Black "ChessTraining77"]
[Result "0-1"]
[WhiteElo "2329"]
[BlackElo "2534"]
[TimeControl "180+1"]
[EndTime "10:27:13 PDT"]
[Termination "ChessTraining77 won by resignation"]

1. d4 Nf6 2. Bf4 e6 3. Nf3 c5 4. e3 d5 5. Nbd2 Nh5 6. Bg3 Nxg3 7. hxg3 Nc6 8. c3 h6 9. Bd3 Bd7 10. Qe2 Qc7 11. O-O Be7 12. e4 dxe4 13. Nxe4 cxd4 14. cxd4 O-O 15. Rad1 Rad8 16. a3 Bc8 17. Bb1 g6 18. b4 a6 19. Rfe1 Kg7 20. Nc5 a5 21. b5 Nxd4 22.
Nxd4 Bxc5 23. Nb3 Bxa3 24. Qa2 Be7 25. Rc1 Qb6 26. Qxa5 Qxa5 27. Nxa5 Bb4 28. Nc4 Bxe1 29. Rxe1 Rd5 30. Rc1 Rc5 31. Ba2 e5 32. Re1 Be6 33.
Nxe5 Bxa2 34. Nd7 Rxb5 35. Nxf8 Kxf8 36. Ra1 Be6 37. Ra8+ Ke7 38. Rh8 h5 39. Rb8 Rb1+ 40. Kh2 b5 41. f3 b4 42. g4 hxg4 43. fxg4 Bxg4 44. Kg3 Be6 45. Rb7+ Kf6 46. Rb5 b3 47. Kh2 Rc1 48. Kg3 Rc2 49. Kh2 b2 50. Kg3 Ba2 51. Rb6+ Kg7 0-1

[Event "*** Titled Tuesday Blitz"]
[Site "Chess.com"]
[Date "2020.05.26"]
[Round "3"]
[White "jd001"]
[Black "Forking_U"]
[Result "1-0"]
[WhiteElo "2180"]
[BlackElo "2108"]
[TimeControl "180+1"]
[EndTime "10:27:14 PDT"]
[Termination "jd001 won on time"]

1. d4 Nf6 2. c4 e6 3. Nc3 c5 4. d5 exd5 5. cxd5 d6 6. Nf3 g6 7.
Bf4 a6 8. a4 Bg7 9. e3 Bg4 10.
Be2 Bxf3 11. Bxf3 O-O 12. O-O Qe7 13. a5 Nbd7 14. Ra3 Rfb8 15. Na4 Ne8 16. Qd2 Nc7 17. b3 Nb5 18. Ra2 b6 19. axb6 Nxb6 20. Nxb6 Rxb6 21. Be2 Nc3 22. Ra3 Nxe2+ 23. Qxe2 a5 24. Rb1 Bc3 25. Qc4 Qf6 26. h3 h5 27. Ra4 Kh7 28. h4 Rab8 29. Bg5 Qg7 30. Rc1 Rxb3 31. f4 1-0

[Event "*** Titled Tuesday Blitz"]
[Site "Chess.com"]
[Date "2020.05.26"]
[Round "3"]
[White "maximnovik"]
[Black "BillieKimbah"]
[Result "0-1"]
[WhiteElo "2451"]
[BlackElo "2850"]
[TimeControl "180+1"]
[EndTime "10:27:15 PDT"]
[Termination "BillieKimbah won on time"]

1. d4 d5 2. c4 c6 3. Bf4 dxc4 4. e3 b5 5. a4 e6 6. g4 Nf6 7. Bg2 Nd5 8. axb5 cxb5 9. Ne2 Bb7 10. Bg3 Nd7 11.
O-O Be7 12. b3 cxb3 13. Qxb3 a6 14. e4 N5f6 15. Nd2 O-O 16. g5 Nh5 17. f4 Nxg3 18. hxg3 Rc8 19. e5 Qb6 20. Bxb7 Qxb7 21. Qf3 Qb6 22.
Kg2 Rc2 23. Rad1 b4 24. Rh1 Qc6 25. Ne4 g6 26. d5 exd5 27. Nf6+ Bxf6 28. gxf6 Qc4 29. Rhe1 Nc5 30. Kh3 Qe4 31. Qg4 Nd3 32.
Rxd3 Qxd3 33. Qh4 h5 34. Qg5 Kh7 35. f5 Rxe2 36. e6 Rxe1 37. fxg6+ fxg6 0-1

[Event "*** Titled Tuesday Blitz"]
[Site "Chess.com"]
[Date "2020.05.26"]
[Round "3"]
[White "mortngabriel"]
[Black "marszach123"]
[Result "1-0"]
[WhiteElo "2440"]
[BlackElo "2202"]
[TimeControl "180+1"]
[EndTime "10:27:15 PDT"]
[Termination "mortngabriel won on time"]

1. Nf3 Nf6 2. c4 e6 3. Nc3 Bb4 4. Qc2 O-O 5. e4 Bxc3 6. dxc3 b6 7. e5 Ne8 8. Ng5 f5 9. exf6 Nxf6 10. Bd3 h6 11. Nh7 Nxh7 12. Bxh7+ Kh8 13. Be3 Bb7 14. O-O-O d6 15. h4 Nd7 16. f3 Nf6 17. Bg6 Qe7 18. h5 e5 19. Rhe1 a5 20. Qd2 a4 21. Bb1 a3 22. b3 Qf7 23. Qc2 e4 24. g4 exf3 25. g5 Be4 26. Qd2 hxg5 27. Bxg5 Bxb1 28. Kxb1 Rae8 29.
h6 g6 30. Rxe8 Rxe8 31. Qf4 Re6 32. Qxf3 Kh7 33. Rf1 1-0

[Event "*** Titled Tuesday Blitz"]
[Site "Chess.com"]
[Date "2020.05.26"]
[Round "3"]
[White "Revnov"]
[Black "CarrotsandPizza"]
[Result "1-0"]
[WhiteElo "2677"]
[BlackElo "2371"]
[TimeControl "180+1"]
[EndTime "10:27:16 PDT"]
[Termination "Revnov won on time"]

1. e4 c5 2. Nf3 Qb6 3. c3 e6 4. d4 d5 5. exd5 exd5 6. Bd3 c4 7. Bc2 Bd6 8. O-O Ne7 9. Re1 Nc6 10. Nbd2 O-O 11.
Nf1 Bf5 12. Ne3 Bg6 13. h4 Rae8 14. h5 Bxc2 15. Qxc2 h6 16. Ng4 Kh8 17. Bd2 Ng8 18.
Qf5 Qd8 19. b3 cxb3 20. axb3 Re7 21. g3 Bc7 22. Kg2 Rfe8 23. Re3 Rxe3 24. Bxe3 Re7 25. c4 a6 26. Rc1 Qd7 27. Nh4 Nb4 28. Qf3 Re4 29.
Nh2 Nd3 30. Rd1 Rxh4 31. gxh4 dxc4 32. bxc4 Nb4 33. d5 Nf6 34. Nf1 Qd6 35. Ng3 b6 36. Nf5 1-0

[Event "*** Titled Tuesday Blitz"]
[Site "Chess.com"]
[Date "2020.05.26"]
[Round "3"]
[White "Shota_Azaladze"]
[Black "2nd_life"]
[Result "0-1"]
[WhiteElo "2825"]
[BlackElo "2467"]
[TimeControl "180+1"]
[EndTime "10:27:17 PDT"]
[Termination "2nd_life won by checkmate"]

1. Nf3 Nf6 2. g3 d5 3. Bg2 c6 4. O-O Bg4 5. d3 Nbd7 6. Nbd2 e6 7. c4 Be7 8. b3 O-O 9. Bb2 a5 10. Rb1 b5 11. Ba1 Qb6 12. Bd4 c5 13. Ba1 Rad8 14. h3 Bxf3 15. Bxf3 dxc4 16. dxc4 b4 17. Qc2 Bd6 18.
Ne4 Be5 19. Bxe5 Nxe5 20. Nxf6+ gxf6 21. Bg2 f5 22. Qc1 Ng6 23. h4 f6 24. Qe3 Rd4 25. Qh6 Qd6 26. a3 Ne5 27. axb4 axb4 28. Ra1 Ng4 29. Qc1 f4 30. gxf4 Rxf4 31. Bf3 Rxc4 32.
Bxg4 Rxg4+ 33. Kh1 Rxh4+ 34. Kg2 Qh2+ 35. Kf3 Qh3# 0-1

[Event "*** Titled Tuesday Blitz"]
[Site "Chess.com"]
[Date "2020.05.26"]
[Round "3"]
[White "pfalcon1949"]
[Black "51616516516"]
[Result "1-0"]
[WhiteElo "2060"]
[BlackElo "2345"]
[TimeControl "180+1"]
[EndTime "10:27:17 PDT"]
[Termination "pfalcon1949 won on time"]

1. d4 Nf6 2. c4 g6 3. Nc3 Bg7 4. e4 d6 5. Nge2 O-O 6. Ng3 e5 7. d5 a5 8. Be2 Na6 9. h4 h5 10. Bg5 Qe8 11. Qd2 Ng4 12. f3 f6 13. fxg4 fxg5 14.
gxh5 gxh4 15. Rxh4 Rf4 16. Rh1 Bh6 17. Qd3 Nb4 18.
Qb1 Bg4 19. a3 Na6 20. Qd3 Nc5 21. Qd1 Bxe2 22. Qxe2 Nb3 23. Rd1 Nd4 24. Qd3 Qf7 25.
Nce2 Nxe2 26. Qxe2 Rf8 27. Rf1 Bg5 28. hxg6 Qxg6 29.
Nf5 Bh4+ 30. Kd2 Rg4 31. Qxg4 1-0

[Event "*** Titled Tuesday Blitz"]
[Site "Chess.com"]
[Date "2020.05.26"]
[Round "3"]
[White "smshk35"]
[Black "HouseOfDurin"]
[Result "1-0"]
[WhiteElo "2295"]
[BlackElo "2040"]
[TimeControl "180+1"]
[EndTime "10:27:19 PDT"]
[Termination "smshk35 won on time"]

1. e4 c5 2. Nf3 Nc6 3. d4 cxd4 4. Nxd4 e5 5. Nb5 d6 6. N1c3 a6 7. Na3 b5 8. Nd5 Nf6 9. Nxf6+ Qxf6 10. c3 Be7 11.
Nc2 O-O 12. h4 Qg6 13. h5 Qxe4+ 14. Be2 Bb7 15. Be3 Qf5 16. Bg4 Qf6 17. h6 g6 18.
Qd2 Rfd8 19. O-O-O d5 20. f4 d4 21. cxd4 exd4 22.
Nxd4 Rac8 23. Kb1 Bb4 24. Qf2 Bc5 25. Nxc6 Bxe3 26. Qxe3 Bxc6 27. Bxc8 Rxc8 28. Qd2 Qe7 29. Rhe1 Qc7 30. Qd4 f5 31. Qd6 Be4+ 32. Ka1 Qc2 33. Qe7 Qc7 34. Qxc7 Rxc7 35. Rc1 Rd7 36. Red1 Re7 37.
g3 Kf7 38. Rc8 1-0

[Event "*** Titled Tuesday Blitz"]
[Site "Chess.com"]
[Date "2020.05.26"]
[Round "3"]
[White "AcsinteMatei"]
[Black "Mizner"]
[Result "1-0"]
[WhiteElo "2355"]
[BlackElo "2529"]
[TimeControl "180+1"]
[EndTime "10:27:20 PDT"]
[Termination "AcsinteMatei won on time"]

1. d4 d5 2. Bf4 c5 3. e3 cxd4 4.
exd4 Nc6 5. c3 Bf5 6. Nd2 f6 7.
Ngf3 g5 8. Bg3 h5 9. h3 e6 10.
Nb3 Bd6 11. Bd3 Nge7 12. Bxd6 Qxd6 13. Bxf5 Nxf5 14. Qe2 O-O-O 15. O-O-O Kb8 16. Nc5 Rde8 17. g4 hxg4 18. hxg4 Nh4 19. Nxh4 gxh4 20. Rh3 e5 21.
Qb5 Re7 22. dxe5 Qxe5 23. Re3 Qf4 24. Kb1 Rhe8 25. Nxb7 Qc4 26. Qxc4 dxc4 27. Rxe7 Rxe7 28. Nc5 Re2 29. Rh1 Rxf2 30. Rxh4 Ne5 31. a4 Kc7 32. Rh7+ Kc6 33. Ne4 Rf1+ 34. Ka2 Nd3 35. Rh6 Kd5 36.
Rxf6 1-0